 Dungeon Crawl Stone Soup version 0.31.0-12-g77e489cdc1 (webtiles) character file.

Game seed: 183155235834961380

690 Gadfly the Shooter (level 7, -19/64 HPs)
             Began as a Kobold Hunter on Feb 15, 2024.
             Was a Follower of Okawaru.
             Demolished by Pikel
             ... wielding a +1 whip of electrocution
              (20 damage)
             ... on level 5 of the Dungeon.
             The game lasted 00:07:42 (5080 turns).

Gadfly the Shooter (Kobold Hunter)                  Turns: 5080, Time: 00:07:42

Health: -19/64     AC: 23    Str:  8    XL:     7   Next: 95%
Magic:  10/10      EV:  3    Int: 11    God:    Okawaru [*.....]
Gold:   78         SH:  0    Dex: 20    Spells: 6/6 levels left

rFire   . . .        b - +1 short sword (drain)
rCold   + . .        (no shield)
rNeg    . . .        c - melded +0 leather armour
rPois   +            g - melded +1 helmet
rElec   .            (cloak currently unavailable)
rCorr   .            f - melded +0 pair of gloves
SInv    +            (boots currently unavailable)
Will    .....        (no amulet)
Stlth   +++          k - ring of see invisible
HPRegen 0.30/turn    n - ring of protection from cold
MPRegen 0.12/turn

%: no passive effects
@: tree-form
A: stationary, stasis, torment immunity, boosted hp, small, no large weapons,
nightstalker 3
a: Renounce Religion, Heroism


You were on level 5 of the Dungeon.
You worshipped Okawaru.
Okawaru was aware of your devotion.
You were a tree.
You visited 1 branch of the dungeon, and saw 5 of its levels.

You collected 248 gold pieces.
You spent 170 gold pieces at shops.

Inventory:

Hand Weapons
 a - a +0 shortbow
 b - a +1 short sword of draining (weapon)
Armour
 c - a +0 leather armour (melded)
 f - a +0 pair of gloves (melded)
 g - a +1 helmet (melded)
Jewellery
 k - a ring of see invisible (left branch)
 n - a ring of protection from cold (right branch)
Wands
 m - a wand of flame (8) (quivered)
Scrolls
 e - 2 scrolls of blinking
 j - a scroll of silence {unknown}
 l - a scroll of brand weapon
 p - a scroll of revelation
Potions
 h - a potion of haste
 i - a potion of enlightenment
 o - a potion of mutation


   Skills:
 + Level 4.0 Fighting
 + Level 6.7 Ranged Weapons
 + Level 4.3 Dodging
 - Level 1.3 Stealth
 * Level 4.4 Invocations
 * Level 4.8 Evocations


You had 6 spell levels left.
You didn't know any spells.
Your spell library was empty.

Dungeon Overview and Level Annotations

Branches:
Dungeon (5/15)
 Temple: D:4-7

Altars:
Ashenzari
Elyvilon
Hepliaklqana
Makhleb
Okawaru
Trog
Vehumet
Xom

Shops:
D:1 (:[?

Annotations:
D:5 Pikel


Innate Abilities, Weirdness & Mutations

You are a tree.
Your roots penetrate the ground, keeping you stationary.
You cannot be teleported.
You are immune to unholy pain and torment.
Your maximum health is greatly increased.
Your equipment is partially melded.
You are small and have problems with some larger weapons.
You are completely attuned to the shadows.


Message History

Pikel is moderately wounded.
Pikel hits you but does no damage.
You shoot an arrow. The arrow closely misses Pikel.
The arrow barely misses the lemure.
The arrow closely misses the lemure.
Pikel hits you but does no damage.
You are electrocuted!!
* * * LOW HITPOINT WARNING * * *
You shoot an arrow. The arrow hits Pikel!
Pikel is heavily wounded.
Pikel hits you but does no damage.
Unknown command.
Okay, then.
You sense an unholy aura.
b - a +1 short sword of draining (weapon)
You hit Pikel but do no damage. You drain Pikel.
Pikel is heavily wounded.
Pikel barely misses you.
You closely miss Pikel.
Pikel is heavily wounded.
Pikel hits you but does no damage.
You hit Pikel.
Pikel is severely wounded.
Pikel hits you but does no damage.
You hit Pikel.
Pikel is severely wounded.
Pikel completely misses you.
You barely miss Pikel.
Pikel is severely wounded.
Pikel hits you but does no damage.
You hit Pikel. You drain Pikel.
Pikel is almost dead.
Pikel hits you but does no damage.
You hit Pikel but do no damage.
Pikel is almost dead.
Pikel hits you with a +1 whip of electrocution.
* * * LOW HITPOINT WARNING * * *
You miss Pikel.
Pikel is almost dead.
Pikel hits you but does no damage.
You are electrocuted!!
You die...
Pikel says, "Another soul for the market."

..# # #.# #.#.# ####
#.#.######## ###..K.
#..........###
#......
###.####.)...#
#.#.### #.#
#.....###5#.# #.#
#.....♣K55#.# #.#
#.....#####.#
#.####.....#
#.##...#####
#.#.....##
#........##
######.........#####
....................
######.........#####


You could see Pikel (drained) and 3 lemures.

Vanquished Creatures
  Sigmund (D:2)
  Pargi (D:4)
  An ogre (D:4)
  A centaur (D:5)
  A hound (D:5)
  Natasha (thrice) (D:4)
  4 gnolls
  4 adders
  2 ufetubi (D:4)
  A ribbon worm (D:2)
  2 dart slugs (D:1)
  7 endoplasms (D:1)
  A giant cockroach (D:3)
  7 goblins
  9 hobgoblins
  4 jackals (D:1)
  14 kobolds
  2 quokkas
  4 ball pythons
  6 bats
  2 rats
  A spectral kobold (D:3)
78 creatures vanquished.

Notes
Turn   | Place    | Note
-------+----------+-------------------------------------------
     0 | D:1      | Gadfly the Kobold Hunter began the quest for the Orb.
     0 | D:1      | Reached XP level 1. HP: 12/12 MP: 1/1
    77 | D:1      | Reached XP level 2. HP: 17/17 MP: 2/2
    78 | D:1      | Reached skill level 1 in Evocations
    97 | D:1      | Found Vocariy's Magic Scroll Boutique.
   167 | D:1      | Reached skill level 1 in Invocations
   269 | D:1      | Found Qinweph's Book Emporium.
   278 | D:1      | Found Plog's Antique Armour Shop.
   305 | D:1      | Reached XP level 3. HP: 22/22 MP: 3/3
   629 | D:1      | Found Ytodeti's Weapon Emporium.
  1046 | D:2      | Noticed Sigmund
  1069 | D:2      | Killed Sigmund
  1070 | D:2      | Reached skill level 6 in Ranged Weapons
  1070 | D:2      | Reached XP level 4. HP: 26/28 MP: 4/6
  1070 | D:2      | Reached XP level 5. HP: 29/32 MP: 4/7
  1070 | D:2      | Reached XP level 6. HP: 34/37 MP: 4/8
  1847 | D:3      | Found a faded altar of an unknown god.
  1856 | D:3      | Found a radiant altar of Vehumet.
  2139 | D:3      | Found a bloodstained altar of Trog.
  2142 | D:3      | Found a white marble altar of Elyvilon.
  2146 | D:3      | Found an iron altar of Okawaru.
  2150 | D:3      | Found a burning altar of Makhleb.
  2154 | D:3      | Found a broken altar of Ashenzari.
  2165 | D:3      | Found a shimmering altar of Xom.
  2179 | D:3      | Became a worshipper of Warmaster Okawaru
  2505 | D:3      | Found a hazy altar of Hepliaklqana.
  2797 | D:1      | Bought a scroll of blinking for 75 gold pieces
  2797 | D:1      | Bought a scroll of brand weapon for 95 gold pieces
  3437 | D:4      | Noticed an ogre
  3447 | D:4      | Killed an ogre
  3448 | D:4      | Reached XP level 7. HP: 11/41 MP: 9/9
  3832 | D:4      | Noticed Natasha
  3840 | D:4      | Killed Natasha
  4001 | D:4      | Noticed Natasha
  4014 | D:4      | Killed Natasha
  4087 | D:4      | Noticed Pargi
  4102 | D:4      | Killed Pargi
  4467 | D:4      | Noticed Natasha
  4515 | D:4      | Killed Natasha
  4880 | D:5      | Entered Level 5 of the Dungeon
  4960 | D:5      | Reached * piety under Okawaru
  5055 | D:5      | Noticed Pikel
  5079 | D:5      | HP: 1/64 [Pikel/+1 whip of electrocution (5)]
  5080 | D:5      | Demolished by Pikel

Illustrated notes

Levels and vault maps discovered:
D:1:      lightli_arrival_noodles, layout_basic, serial_shops,
          nicolae_shop_real_fake_doors, shop, nicolae_shop_stone,
          nicolae_shop_tiny_glass, nicolae_houndstooth_variations
D:2:      layout_basic, minmay_fountain_box, grunt_ministairs_12,
          chequers_serial_rivers_micro_b, uniq_sigmund
D:3:      layout_loops_ring, nicolae_hepliaklqana_monster_ancestors,
          vehumet_altar_wand_db, nicolae_overflow_hallway_of_the_gods,
          chequers_ecumenical_altar_simple_redux
D:4:      layout_basic, serial_forest, infiniplex_forest_3_way,
          infiniplex_forest_lined_room_, infiniplex_forest_clump_medium,
          infiniplex_forest_clump_diagonal, infiniplex_forest_clump_cross,
          infiniplex_forest_3_way, infiniplex_forest_clump_medium,
          infiniplex_forest_straight_3, infiniplex_forest_clump_small,
          kennysheep_decorative_pillar, uniq_pargi, uniq_natasha
D:5:      layout_loops_ring, lemuel_mausoleum_altar_yredelemnul, uniq_eustachio,
          uniq_menkaure, uniq_pikel

Skill      XL: |  1  2  3  4  5  6  7 |
---------------+----------------------+-----
Evocations     | 1 3 4 |  4.8
Invocations    | 1 2 3 4 |  4.4
Fighting       | 3 4 |  4.0
Ranged Weapons | 6 |  6.7
Dodging        | 3 4 |  4.3
Stealth        | |  1.3

Action                     |  1- 3 |  4- 6 |  7- 9 || total
---------------------------+-------+-------+-------++-------
  Melee: Short sword       |    20 |       |    14 ||    34
         Shortbow          |     1 |       |     1 ||     2
   Fire: Shortbow          |    71 |   133 |    94 ||   298
    Use: Scroll            |     6 |     5 |     1 ||    12
         Potion            |       |       |     5 ||     5
   Stab: Sleeping          |     3 |       |       ||     3
 Armour: Leather armour    |    15 |    45 |    55 ||   115
         Skin              |       |       |    11 ||    11
  Dodge: Dodged            |    47 |    74 |    99 ||   220
